 Dungeon Crawl Stone Soup version 0.31-a0-188-g5e087ee2ca (webtiles) character file.

Game seed: 8875392237199358444

779 qw the Skirmisher (level 7, 0/40 HPs)
             Began as a Deep Elf Hunter on June 23, 2023.
             Slain by a lemure (4 damage)
             ... led by Pikel
             ... on level 4 of the Dungeon.
             The game lasted 00:02:28 (3843 turns).

qw the Skirmisher (Deep Elf Hunter)                 Turns: 3843, Time: 00:02:28

Health: 0/40       AC: 16    Str: 10    XL:     7   Next: 54%
Magic:  9/9        EV: 10    Int: 14    God:
Gold:   323        SH:  5    Dex: 18    Spells: 6/6 levels left

rFire   + . .        Y - +2 shortbow
rCold   . . .        (shield currently unavailable)
rNeg    + . .        l - +1 scale mail {rF+}
rPois   .            a - +2 helmet
rElec   .            (no cloak)
rCorr   .            p - +2 pair of gloves
SInv    .            d - +2 pair of boots
Will    .....        e - amulet of reflection
Stlth   +            b - ring of positive energy
HPRegen 0.26/turn    (no ring)
MPRegen 0.11/turn

%: reflection
@: no status effects
A: no striking features
a: no special abilities


You were on level 4 of the Dungeon.
You visited 1 branch of the dungeon, and saw 4 of its levels.

You collected 323 gold pieces.


   Skills:
 - Level 2.0 Fighting
 + Level 11.4 Ranged Weapons
 - Level 1.0 Armour
 - Level 3.8 Dodging
 - Level 1.2 Stealth


You had 6 spell levels left.
You didn't know any spells.
Your spell library was empty.

Inventory:

Hand Weapons
 Y - a +2 shortbow (weapon)
Armour
 a - a +2 helmet (worn)
 d - a +2 pair of boots (worn)
 j - a +1 ring mail
 l - a +1 scale mail of fire resistance (worn)
 p - a +2 pair of gloves (worn)
Jewellery
 b - a ring of positive energy (left hand)
 e - an amulet of reflection (around neck)
Scrolls
 h - a scroll of identify
 k - a scroll of amnesia {unknown}
 n - 2 scrolls of teleportation
 r - a scroll of silence {unknown}
 s - a scroll of brand weapon {unknown}
Potions
 c - a potion of magic {unknown}
 f - a potion of cancellation {unknown}
 g - a potion of brilliance {unknown}
 i - a potion of enlightenment
 m - a potion of might {unknown}
 o - a potion of ambrosia {unknown}
 q - a potion of curing {unknown}

Dungeon Overview and Level Annotations

Branches:
Dungeon (4/15)
 Temple: D:4-7

Altars:
Qazlal

Annotations:
D:3 1 runed translucent door, Crazy Yiuf
D:4 Pikel


Message History

The lemure closely misses you.
You shoot an arrow. The arrow closely misses Pikel.
The arrow hits the lemure but does no damage.
The lemure is almost dead.
The lemure hits you but does no damage. Pikel hits you but does no damage.
You shoot an arrow. The arrow closely misses Pikel.
The arrow hits the lemure.
The lemure is almost dead.
The lemure misses you.
Pikel hits you with a +2 whip of freezing.
Pikel freezes you.
You shoot an arrow. The arrow barely misses Pikel.
The arrow hits the lemure.
You kill the lemure!
That felt strangely unrewarding.
The lemure closely misses you.
Pikel hits you with a +2 whip of freezing.
Pikel freezes you.
You shoot an arrow. The arrow barely misses Pikel.
The arrow barely misses the lemure.
You block Pikel's attack.
You shoot an arrow. The arrow barely misses Pikel.
The arrow closely misses the lemure.
The lemure hits you but does no damage. Pikel barely misses you.
The lemure hits you. The lemure hits you but does no damage.
The lemure hits you. Pikel hits you but does no damage.
You shoot an arrow. The arrow hits Pikel.
Pikel is heavily wounded.
The lemure hits you. The lemure hits you but does no damage.
Pikel hits you but does no damage.
You shoot an arrow.
The arrow hits Pikel but does no damage.
Pikel is heavily wounded.
The lemure closely misses you.
Pikel hits you with a +2 whip of freezing!
Pikel freezes you. The lemure hits you but does no damage.
You shoot an arrow. The arrow hits Pikel.
Pikel is severely wounded.
The lemure hits you.
Pikel hits you with a +2 whip of freezing.
Pikel freezes you. The lemure hits you.
You die...

#.......# #....... #########.)#
#.....<. ##.......#>)# ##.###...
#...........# ###...###.#
#........#.## #..........
#........#.# #.#..).....
##.....[..#.##########.##.#.....
#.........#...55..........##.#.#
#..####...%..5K@....##.##.##....
##...###.....#######.##.##.##.#.#
#.....##.###.# #.##.##.......
##...###.# #.# #....#####.###
#..####.# #.# ###..# #.# #
#.......# #.# #..# #.# #
##.###### #.# ###..# #.# #.# #.#
#....#####.# #.# #.#
###.#.###....#


You could see Pikel and 3 lemures.

Vanquished Creatures
  A black bear (D:4)
  An ogre (D:4)
  A lemure (D:4)
  A phantom (D:4)
  3 scorpions
  A hound (D:4)
  A sleepcap (D:4)
  Jessica (D:3)
  2 orc wizards (D:4)
  Robin (D:3)
  4 adders
  3 river rats (D:3)
  5 worms (D:2)
  A dart slug (D:4)
  5 orcs
  9 ball pythons
  4 bats (D:1)
  11 endoplasms
  4 giant cockroaches
  18 goblins
  10 hobgoblins
  13 jackals
  6 quokkas
  A frilled lizard (D:3)
  5 kobolds
  9 rats
121 creatures vanquished.

Notes
Turn   | Place    | Note
-------+----------+-------------------------------------------
     0 | D:1      | qw the Deep Elf Hunter began the quest for the Orb.
     0 | D:1      | Reached XP level 1. HP: 12/12 MP: 3/3
     0 | D:1      | 0 ||| qw: Version: 0.3-a-9-g12657ce
     0 | D:1      | 0 ||| qw: Game counter: 3539
     0 | D:1      | 0 ||| qw: Always use a shield: true
     0 | D:1      | 0 ||| qw: God list: Okawaru
     0 | D:1      | 0 ||| qw: Allow faded altars: false
     0 | D:1      | 0 ||| qw: Do Orc after D:15 true
     0 | D:1      | 0 ||| qw: Do second Lair branch before Depths: true
     0 | D:1      | 0 ||| qw: Lair rune preference: random
     0 | D:1      | 0 ||| qw: Plans: Normal
     0 | D:1      | 0 ||| PLANNING D:1-11
    26 | D:1      | Found a faded altar of an unknown god.
   216 | D:1      | Reached XP level 2. HP: 16/16 MP: 4/4
   247 | D:1      | Reached skill level 6 in Ranged Weapons
   678 | D:1      | Reached XP level 3. HP: 20/20 MP: 5/5
   952 | D:1      | 952 ||| UPGRADING to +0 ring mail.
   962 | D:1      | 962 ||| DROPPING +0 leather armour.
   963 | D:1      | 963 ||| UPGRADING to +2 pair of gloves.
   968 | D:1      | 968 ||| UPGRADING to amulet of the acrobat.
   973 | D:1      | 973 ||| UPGRADING to amulet of reflection.
   983 | D:1      | 983 ||| DROPPING amulet of the acrobat.
   984 | D:1      | 984 ||| READING scroll labelled CAETRE TAIC.
   985 | D:1      | 985 ||| READING scroll labelled ATOUNI YLUENWOI.
   986 | D:1      | 986 ||| READING scroll labelled PEUVAQ BAESH.
   987 | D:1      | 987 ||| READING scroll labelled QOULIEZOFO.
   988 | D:1      | 988 ||| READING 2 scrolls labelled GUS YMYFRO.
   993 | D:1      | 993 ||| DRINKING 2 lumpy orange potions.
   994 | D:1      | 994 ||| DROPPING scroll of butterflies.
  1020 | D:2      | 1020 ||| READING scroll of enchant weapon.
  1020 | D:2      | 1020 ||| ENCHANTING +1 shortbow.
  1108 | D:2      | Reached skill level 7 in Ranged Weapons
  1337 | D:2      | Reached XP level 4. HP: 25/25 MP: 6/6
  1605 | D:2      | Found a stormy altar of Qazlal.
  1711 | D:2      | 1711 ||| UPGRADING to +2 helmet.
  1716 | D:2      | 1716 ||| UPGRADING to +2 pair of boots.
  1721 | D:2      | 1721 ||| UPGRADING to ring of positive energy.
  1722 | D:2      | 1722 ||| READING scroll labelled EGUMEF OME HIE.
  1731 | D:3      | 1731 ||| PLANNING SEWER
  1736 | D:3      | 1736 ||| READING scroll of enchant armour.
  1736 | D:3      | 1736 ||| ENCHANTING +0 ring mail.
  1760 | D:3      | Noticed Robin
  1765 | D:3      | Reached skill level 8 in Ranged Weapons
  1775 | D:3      | Killed Robin
  1834 | D:3      | Reached skill level 1 in Armour
  1913 | D:3      | Noticed a scorpion
  1923 | D:3      | Killed a scorpion
  1924 | D:3      | Reached XP level 5. HP: 12/29 MP: 7/7
  2253 | D:3      | Found a runed translucent door.
  2254 | D:3      | Noticed Crazy Yiuf
  2342 | D:3      | Noticed Jessica
  2347 | D:3      | Killed Jessica
  2348 | D:3      | Reached skill level 9 in Ranged Weapons
  2348 | D:3      | 2348 ||| FLEEEEING.
  2349 | D:3      | 2349 ||| FLEEEEING.
  2350 | D:3      | 2350 ||| FLEEEEING.
  2351 | D:3      | 2351 ||| FLEEEEING.
  2352 | D:3      | 2352 ||| FLEEEEING.
  2354 | D:3      | 2354 ||| FLEEEEING.
  2387 | D:3      | Found a glowing drain.
  2388 | D:3      | 2388 ||| Stepping ~*~*~tactically~*~*~ (water).
  2411 | D:3      | Reached XP level 6. HP: 35/35 MP: 8/8
  2412 | D:3      | 2412 ||| UPGRADING to +1 scale mail of fire resistance.
  2422 | D:3      | 2422 ||| READING scroll labelled VAWKEAMIYSK.
  2423 | D:3      | 2423 ||| DRINKING 3 dark potions.
  2489 | D:3      | 2489 ||| STAIRDANCE
  2493 | D:3      | 2493 ||| STAIRDANCE
  2497 | D:3      | 2497 ||| STAIRDANCE
  2501 | D:3      | 2501 ||| STAIRDANCE
  2505 | D:3      | 2505 ||| STAIRDANCE
  2509 | D:3      | 2509 ||| STAIRDANCE
  2513 | D:3      | 2513 ||| STAIRDANCE
  2517 | D:3      | 2517 ||| STAIRDANCE
  2521 | D:3      | 2521 ||| STAIRDANCE
  2525 | D:3      | 2525 ||| STAIRDANCE
  2529 | D:3      | 2529 ||| STAIRDANCE
  2531 | D:2      | 2531 ||| RIP SEWER
  2531 | D:2      | 2531 ||| PLANNING D:1-11
  3154 | D:4      | HP: 5/35 [lemure[Pikel] (5)]
  3155 | D:4      | 3155 ||| READING 4 scrolls of teleportation.
  3156 | D:4      | 3156 ||| DRINKING 2 potions of heal wounds.
  3157 | D:4      | Noticed Pikel
  3159 | D:4      | Reached skill level 10 in Ranged Weapons
  3200 | D:4      | 3200 ||| FLEEEEING.
  3201 | D:4      | 3201 ||| FLEEEEING.
  3202 | D:4      | 3202 ||| FLEEEEING.
  3203 | D:4      | 3203 ||| FLEEEEING.
  3204 | D:4      | 3204 ||| FLEEEEING.
  3205 | D:4      | 3205 ||| FLEEEEING.
  3216 | D:4      | HP: 8/35 [Pikel/+2 whip of freezing (1)]
  3217 | D:4      | 3217 ||| READING 3 scrolls of teleportation.
  3218 | D:4      | 3218 ||| DRINKING potion of heal wounds.
  3326 | D:4      | Reached XP level 7. HP: 36/40 MP: 9/9
  3421 | D:4      | Reached skill level 11 in Ranged Weapons
  3535 | D:4      | Reached skill level 3 in Dodging
  3843 | D:4      | HP: 10/40 [lemure[Pikel] (3)]
  3843 | D:4      | HP: 4/40 [Pikel/+2 whip of freezing (2)]
  3843 | D:4      | Slain by a lemure

Levels and vault maps discovered:
D:1:      ldierk_walled_garden_2, layout_basic,
          ebering_ecumenical_altar_sacrificial, bh_walls_and_bars
D:2:      layout_loops_ring, basic_altar
D:3:      layout_rooms, portal_sewer_entry_e, uniq_jessica, uniq_robin,
          uniq_crazy_yiuf_cottage
D:4:      layout_loops_ring, tgw_xom, kennysheep_generic_room_11, uniq_pikel

Skill      XL: |  1  2  3  4  5  6  7 |
---------------+----------------------+-----
Ranged Weapons | 6 7 8 9 10 11 | 11.4
Armour         | 1 |  1.0
Fighting       | 2 |  2.0
Dodging        | 3 |  3.8
Stealth        | |  1.2

Action                     |  1- 3 |  4- 6 |  7- 9 || total
---------------------------+-------+-------+-------++-------
   Fire: Shortbow          |   106 |   246 |    76 ||   428
    Use: Scroll            |     6 |     5 |       ||    11
         Potion            |     1 |     3 |       ||     4
 Armour: Leather armour    |     3 |       |       ||     3
         Ring mail         |    10 |    66 |       ||    76
         Scale mail        |       |    67 |    45 ||   112
  Dodge: Dodged            |    14 |   117 |    36 ||   167
  Block: Other             |     3 |    64 |    17 ||    84

Table legend:
 A = Non-vault XP
 B = Vault XP
 C = Vault XP percentage of total XP
 D = Non-vault monster count
 E = Vault monster count
 F = Vault count percentage of total count
                 A         B        C        D         E       F
            +---------+---------+-------+---------+---------+-------
      Total |     914 |     199 |  17.9 |      98 |      22 |  18.3
            +---------+---------+-------+---------+---------+-------
        D:1 |      41 |       0 |   0.0 |      25 |       0 |   0.0
        D:2 |      95 |       0 |   0.0 |      31 |       0 |   0.0
        D:3 |     136 |     119 |  46.7 |      20 |      21 |  51.2
        D:4 |     642 |      80 |  11.1 |      22 |       1 |   4.3
            +---------+---------+-------+---------+---------+-------
